 Dungeon Crawl Stone Soup version 0.19.5 (webtiles) character file.

11307 miragecloak the Martial Artist (level 11, -17/77 HPs)
             Began as an Octopode Transmuter on May 16, 2017.
             Was a Believer of Ashenzari.
             Demolished by a slime creature (21 damage)
             ... on level 11 of the Dungeon.
             The game lasted 00:27:03 (12940 turns).

miragecloak the Martial Artist (OpTm)              Turns: 12940, Time: 00:27:04

Health: -17/77     AC:  8    Str:  9    XL:     11   Next: 75%
Magic:  22/23      EV: 22    Int: 22    God:    Ashenzari [**....]
Gold:   1274       SH:  0    Dex: 15    Spells: 2 memorised, 6 levels left

rFire  . . .     SeeInvis +       - Unarmed
rCold  + . .     Gourm    .     (no shield)
rNeg   . . .     Faith    .     (helmet restricted)
rPois  +         Spirit   .     (no amulet)
rElec  .         Reflect  .     e - ring of protection from cold (curse)
rCorr  .         Harm     .     p - +5 ring of protection (curse)
MR     .....                    q - ring of poison resistance (curse)
Stlth  +++.......               C - ring of magical power
                                F - +2 ring of evasion
                                J - ring of wizardry (curse)
                                G - ring of stealth
                                I - ring of see invisible (curse)

@: brilliant, starving
A: almost no armour, stealthy swim, amphibious, 8 rings, constrict 8, slimy
green scales 1, camouflage 1, poison resistance, gelatinous body 1, evolution 1,
MP-powered wands
a: Curse Item, Scrying, Renounce Religion


You were on level 11 of the Dungeon.
You worshipped Ashenzari.
Ashenzari was pleased with you.
You were starving.

You visited 1 branch of the dungeon, and saw 12 of its levels.
You also visited: Bailey.

You collected 1274 gold pieces.

Inventory:

Missiles
 a - 279 arrows
Jewellery
 e - a cursed ring of protection from cold (left tentacle)
 p - a cursed +5 ring of protection (right tentacle)
 q - a cursed ring of poison resistance (on tentacle)
 C - a ring of magical power (on tentacle)
 F - a +2 ring of evasion (on tentacle)
 G - a ring of stealth (on tentacle)
 I - a cursed ring of see invisible (on tentacle)
 J - a cursed ring of wizardry (on tentacle)
Wands
 n - a wand of iceblast (2/15)
 M - a wand of flame (24/48)
 N - a wand of iceblast (15/15)
 O - a wand of paralysis (8/24)
 T - a wand of flame (20/48)
Scrolls
 g - 8 scrolls of identify {unknown}
 h - a scroll of noise {unknown}
 m - 4 scrolls of recharging
 t - a scroll of magic mapping
 u - a scroll of random uselessness {unknown}
 y - 3 scrolls of remove curse
 z - 2 scrolls of amnesia
 A - a scroll of summoning {unknown}
 D - 2 scrolls of enchant armour {unknown}
 K - a scroll of immolation {unknown}
 R - a scroll of fear {unknown}
Potions
 d - 2 potions of magic {unknown}
 j - 2 potions of degeneration {unknown}
 k - 2 potions of invisibility {unknown}
 l - 2 potions of flight {unknown}
 o - a potion of heal wounds {unknown}
 s - 3 potions of brilliance
 v - 2 potions of mutation {unknown}
 w - 3 potions of curing {unknown}
 B - a potion of cancellation {unknown}
 H - a potion of berserk rage {unknown}
 P - a potion of resistance {unknown}
 Q - a potion of ambrosia {unknown}
Books
 b - a book of Changes

   Spells                             Type                      Level
   a - Beastly Appendage              Transmutation                1
   b - Sticks to Snakes               Transmutation                2
   c - Spider Form                    Transmutation/Poison         3
   d - Ice Form                       Ice/Transmutation            4
   e - Blade Hands                    Transmutation                5
 S - a book of Conjurations

   Spells                             Type                      Level
   a - Magic Dart                     Conjuration                  1
   b - Searing Ray                    Conjuration                  2
   c - Dazzling Spray                 Conjuration/Hexes            3
   d - Fulminant Prism                Conjuration/Hexes            4
   e - Iskenderun's Mystic Blast      Conjuration                  4
   f - Iskenderun's Battlesphere      Conjuration/Charms           5
Comestibles
 c - 8 bread rations
 f - 3 royal jellies
 r - 12 fruits
 x - 8 beef jerkies
 E - a meat ration
 L - 9 slices of pizza


   Skills:
 * Level 8.2 Fighting
 - Level 10.1 Dodging
 + Level 11.1 Unarmed Combat
 - Level 2.0 Spellcasting
 - Level 6.9(8.4) Transmutations
 - Level 4.0(5.3) Poison Magic


You had 6 spell levels left.
You knew the following spells:

 Your Spells              Type           Power        Failure   Level  Hunger
b - Spider Form           Tmut/Pois      #####.....   1%          3    ###....
c - Blade Hands           Tmut           ######....   1%          5    ######.


Dungeon Overview and Level Annotations

Branches:
Dungeon (12/15)            Temple (0/1) D:6
   Lair: D:8-11         Orc: D:9-12

Altars:
Ashenzari
Dithmenos
Elyvilon
Gozag
Hepliaklqana
Kikubaaqudgha
Ru
Uskayaw
Vehumet
Zin
The Shining One

Shops:
D:5 (   D:9 *(

Annotations:
D:8 Psyche
D:9 MirrMurr's ghost, novice TrAM
D:10 Joseph
D:12 Urug


Innate Abilities, Weirdness & Mutations

You cannot wear most types of armour.
You are very stealthy in the water. (Stealth+)
You are amphibious.
You can wear up to eight rings at the same time.
You can use your tentacles to constrict eight enemies at once.
Your skin changes colour to match your surroundings (Stealth+).
Your rubbery body absorbs attacks. (AC +1, EV +1)
You are partially covered in slimy green scales. (AC +2)
Your system is resistant to poisons. (rPois)
You evolve.
You expend magic power (3 MP) to strengthen your wands.


Message History

Two slime creatures merge to form a very large slime creature.
The slime creature closely misses you.
You bludgeon the slime creature!
The slime creature is moderately wounded.
The slime creature completely misses you.
The very large slime creature hits you!!!
Ouch! That really hurt!
* * * LOW HITPOINT WARNING * * *
You tentacle-slap the very large slime creature but do no damage.
The very large slime creature is moderately wounded.
The slime creature barely misses you.
A very large slime creature splits.
The slime creature completely misses you.
A large slime creature splits.
Okay, then.
Two slime creatures merge to form a large slime creature.
It was a potion of brilliance.
You feel clever all of a sudden. The slime creature hits you!!
You die...

..####)..)##[###..........#.....#
.....#....................#..[###
.....#.................####...'..
.....#....................'...##.
......................#####....##
......................##.########
..................l..............
............รท....J.J.o........##.
................@J...o...........
................########)#....##.
................# #.....##......
#...#####.......####.)..l........
.... , #............)...........
... , #...........l#........... ..
, , ####.###.....#........... ,,
#.# #.....#........... , ,
,,..........#..........#


You could see a large slime creature, 2 slime creatures, an orc warrior, an
iguana and an orc.

Vanquished Creatures
  Erica (D:10)
  An unseen horror (D:10)
  Pikel (D:8)
  A hill giant (D:10)
  A deep elf mage (D:11)
  The ghost of Onaxys the Cudgeler, an amateur OgBe of Trog (D:4)
  A troll (D:11)
  A hippogriff (D:10)
  Sigmund (D:2)
  A wyvern (D:10)
  4 hogs (D:8)
  A human (D:8)
  A hungry ghost (D:8)
  A soldier ant (D:11)
  2 water moccasins
  9 ice beasts
  3 orc warriors
  2 slaves (D:7)
  2 phantoms
  2 black bears
  4 sky beasts
  5 ogres
  8 centaurs
  The ghost of miragecloak the Changer, an amateur OpTm (D:3)
  8 gnoll sergeants (Bailey)
  2 bullfrogs
  4 scorpions
  21 killer bees
  3 wights (D:4)
  2 vampire bats (D:5)
  3 crimson imps
  A quasit (D:11)
  9 hounds
  4 orc priests
  6 gnoll shamans (Bailey)
  3 jellies
  9 orc wizards
  An iguana (D:5)
  5 bullfrog skeletons
  A centaur skeleton (D:5)
  7 worker ants
  A hound skeleton (D:10)
  16 gnolls
  16 adders
  2 shadow imps
  An ooze (D:1)
  An adder skeleton (D:6)
  2 worms (D:4)
  7 leopard geckos
  41 orcs
  A ball python (D:1)
  A bat skeleton (D:5)
  5 bat zombies (D:5)
  8 giant cockroaches
  5 goblins
  11 hobgoblins
  8 jackals
  11 kobolds
  5 quokkas
  9 bats
  9 frilled lizards
  2 goblin zombies (D:4)
  2 hobgoblin zombies (D:4)
  3 kobold zombies (D:4)
  A leopard gecko skeleton (D:6)
  An orc zombie (D:4)
  2 quokka skeletons
  8 rats
323 creatures vanquished.

Notes
Turn   | Place    | Note
-------+----------+-------------------------------------------
     0 | D:1      | miragecloak the Octopode Transmuter began the quest for the Orb.
     0 | D:1      | Reached XP level 1. HP: 13/13 MP: 3/3
   158 | D:1      | Reached XP level 2. HP: 18/18 MP: 3/5
   950 | D:1      | Reached XP level 3. HP: 8/23 MP: 4/6
   955 | D:1      | Learned a level 3 spell: Spider Form
  1650 | D:2      | Reached skill level 1 in Poison Magic
  1766 | D:2      | Reached XP level 4. HP: 20/28 MP: 3/7
  1988 | D:2      | Noticed Sigmund
  1991 | D:2      | Found a white marble altar of Elyvilon.
  1998 | D:2      | Killed Sigmund
  1998 | D:2      | Reached skill level 5 in Transmutations
  1998 | D:2      | Reached XP level 5. HP: 20/33 MP: 5/8
  1998 | D:2      | Reached XP level 6. HP: 23/38 MP: 5/9
  2807 | D:3      | Noticed miragecloak's ghost (amateur OpTm)
  3134 | D:3      | Found a glowing silver altar of Zin.
  3135 | D:3      | Found an opulent altar of Gozag.
  3291 | D:3      | Found a shattered altar of Ashenzari.
  3296 | D:3      | Became a worshipper of Ashenzari the Shackled
  3390 | D:3      | Found a radiant altar of Vehumet.
  3728 | D:3      | Killed miragecloak's ghost
  3728 | D:3      | Reached skill level 4 in Unarmed Combat
  3774 | D:4      | Noticed Onaxys's ghost (amateur OgBe)
  3916 | D:4      | Reached skill level 5 in Unarmed Combat
  3916 | D:4      | Reached XP level 7. HP: 41/43 MP: 3/10
  3993 | D:4      | Found a hazy altar of Hepliaklqana.
  4188 | D:4      | Reached skill level 6 in Unarmed Combat
  4202 | D:4      | Found a shadowy altar of Dithmenos.
  4640 | D:4      | Killed Onaxys's ghost
  4640 | D:4      | Reached skill level 7 in Unarmed Combat
  4640 | D:4      | Reached XP level 8. HP: 31/48 MP: 5/11
  4719 | D:4      | Reached skill level 8 in Unarmed Combat
  4823 | D:4      | Found a glowing golden altar of the Shining One.
  4958 | D:4      | Found a sacrificial altar of Ru.
  4978 | D:5      | Entered Level 5 of the Dungeon
  5201 | D:5      | Found Xismeut's Weapon Shop.
  5284 | D:5      | Found a hide-covered altar of Uskayaw.
  5303 | D:5      | Reached skill level 9 in Unarmed Combat
  5318 | D:5      | Gained mutation: You are partially covered in slimy green scales. (AC +2) [mutagenic meat]
  5319 | D:5      | Gained mutation: You expend magic power (3 MP) to strengthen your wands. [mutagenic meat]
  5320 | D:5      | Gained mutation: You evolve. [mutagenic meat]
  5590 | D:5      | Reached skill level 10 in Unarmed Combat
  5590 | D:5      | Reached XP level 9. HP: 53/53 MP: 7/12
  5721 | D:5      | Found an ancient bone altar of Kikubaaqudgha.
  5913 | D:6      | Found a staircase to the Ecumenical Temple.
  5967 | D:6      | Found a white marble altar of Elyvilon.
  6029 | D:6      | Reached * piety under Ashenzari
  7277 | D:7      | Reached skill level 5 in Dodging
  7590 | D:8      | Noticed Pikel
  7952 | D:9      | Gained mutation: Your system is resistant to poisons. (rPois) [evolution]
  8171 | D:8      | Reached skill level 5 in Fighting
  8171 | D:8      | Reached XP level 10. HP: 60/66 MP: 13/13
  8637 | D:8      | Noticed Psyche
  8674 | D:8      | Killed Pikel
  9510 | D:9      | Reached ** piety under Ashenzari
  9544 | D:9      | Found Ydait's Antique Weapon Emporium.
  9655 | D:9      | Found Inacoack's General Store.
  9718 | D:9      | Noticed MirrMurr's ghost (novice TrAM)
  9746 | D:10     | Entered Level 10 of the Dungeon
  9763 | D:10     | Learned a level 5 spell: Blade Hands
  9830 | D:10     | Noticed a hill giant
  9857 | D:10     | Killed a hill giant
  9877 | D:10     | Noticed Joseph
 10152 | D:10     | Reached skill level 11 in Unarmed Combat
 10488 | D:10     | Noticed Erica
 10519 | D:10     | Killed Erica
 10519 | D:10     | Reached XP level 11. HP: 77/77 MP: 14/14
 10588 | D:10     | Noticed an unseen horror
 10596 | D:10     | Killed an unseen horror
 10777 | D:11     | Found a flagged portal.
 10793 | Bailey   | Entered a bailey
 11823 | D:11     | Noticed a deep elf mage
 11828 | D:11     | Killed a deep elf mage
 12446 | D:11     | Reached skill level 10 in Dodging
 12599 | D:11     | Noticed a cyclops
 12749 | D:12     | Noticed Urug
 12931 | D:11     | HP: 2/77 [very large slime creature (65)]
 12940 | D:11     | Demolished by a slime creature

Skill      XL: |  1  2  3  4  5  6  7  8  9 10 11 |
---------------+----------------------------------+-----
Transmutations | 3 5 6 |  6.9
Poison Magic   | 1 3 4 |  4.0
Unarmed Combat | 5 7 10 11 | 11.1
Fighting       | 5 8 |  8.2
Dodging        | 6 7 10 | 10.1
Spellcasting   | |  2.0

Action                   |  1- 3 |  4- 6 |  7- 9 | 10-12 || total
-------------------------+-------+-------+-------+-------++-------
Melee: Unarmed           |    88 |   111 |   354 |   366 ||   919
       Kick              |    20 |       |       |       ||    20
       Constrict         |    24 |    10 |    15 |    28 ||    77
       Tentacles         |    11 |     4 |    11 |    41 ||    67
       Punch             |     3 |       |     4 |    18 ||    25
 Cast: Beastly Appendage |    19 |     2 |       |       ||    21
       Spider Form       |     1 |    18 |    58 |    29 ||   106
       Blade Hands       |       |       |       |    28 ||    28
Invok: Curse Item        |       |     2 |     3 |       ||     5
  Use: Scroll            |       |       |       |     5 ||     5
       Potion            |       |       |       |     2 ||     2
 Stab: Sleeping          |     2 |     1 |     4 |     1 ||     8
       Distracted        |       |     1 |     1 |     2 ||     4
  Eat: Chunk             |     3 |     6 |    24 |    23 ||    56
       Meat ration       |       |     1 |       |     1 ||     2
       Pizza             |       |       |     1 |       ||     1
       Fruit             |       |       |       |     1 ||     1
Armor: Skin              |     9 |    15 |    48 |    43 ||   115
Dodge: Dodged            |    57 |    91 |   263 |   477 ||   888
